 Dungeon Crawl Stone Soup version 0.27-a0-1139-g28e009f8a6 (webtiles) character file.

Game seed: 4583749017526829871

3857 DasRunzen the Skirmisher (level 9, -4/75 HPs)
             Began as a Demigod Wanderer on May 7, 2021.
             Slain by a boulder beetle (35 damage)
             ... on level 7 of the Dungeon.
             The game lasted 00:24:35 (9127 turns).

DasRunzen the Skirmisher (Demigod Wanderer)         Turns: 9127, Time: 00:24:35

Health: -4/75      AC:  7    Str: 19    XL:     9   Next: 67%
Magic:  12/20      EV: 15    Int: 16    God:
Gold:   407        SH:  0    Dex: 17    Spells: 16/18 levels left

rFire    . . .     SeeInvis .   p - +3 whip
rCold    + . .     Faith    .   (no shield)
rNeg     . . .     Spirit   .   d - +0 robe
rPois    +         Reflect  .   (no helmet)
rElec    .         Harm     .   j - +0 cloak
rCorr    .         Rampage  .   e - +2 pair of gloves
Will     .....                  (no boots)
Stlth    ++........             v - amulet of regeneration
HPRegen  1.22/turn              g - ring of poison resistance
MPRegen  0.17/turn              (no ring)

@: no status effects
A: high mp 1, forlorn, cold resistance 1, shaggy fur 1, wild magic 1
a: no special abilities


You were on level 7 of the Dungeon.
You visited 1 branch of the dungeon, and saw 8 of its levels.
You also visited: Ossuary.

You collected 407 gold pieces.

Inventory:

Hand Weapons
 a - a +4 hand crossbow of venom
 p - a +3 whip (weapon)
Armour
 d - a +0 robe (worn)
 e - a +2 pair of gloves (worn)
 j - a +0 cloak (worn)
 r - +2 acid dragon scales
Jewellery
 f - an amulet of guardian spirit
 g - a ring of poison resistance (left hand)
 q - a ring of flight
 t - a +6 ring of dexterity
 v - an amulet of regeneration (around neck)
 z - an amulet of magic regeneration
Wands
 i - a wand of flame (19)
 y - a wand of iceblast (5)
Scrolls
 h - 5 scrolls of teleportation
 l - a scroll of blinking
 m - a scroll of identify
Potions
 c - 2 potions of heal wounds
 k - a potion of flight
 n - 3 potions of magic
 o - 4 potions of curing
 s - a potion of haste
 u - a potion of invisibility
 w - a potion of brilliance


   Skills:
 + Level 6.2 Fighting
 + Level 5.9 Crossbows
 - Level 1.0 Throwing
 + Level 5.8 Dodging
 - Level 1.0 Stealth
 + Level 5.4 Spellcasting
 + Level 5.4 Conjurations
 - Level 1.7 Hexes
 - Level 1.7 Poison Magic


You had 16 spell levels left.
You knew the following spells:

 Your Spells              Type           Power      Damage    Failure   Level
b - Searing Ray           Conj           56%        3d5       4%          2

Your spell library contained the following spells:

 Spells                   Type           Power      Damage    Failure   Level
 Magic Dart               Conj           100%       1d8       3%          1
 Dazzling Flash           Conj/Hex       40%        N/A       14%         3
 Sting                    Tmut/Pois      36%        1d4       16%         1
 Spider Form              Tmut/Pois      4%         N/A       38%         3
 Fulminant Prism          Conj/Hex       10%        3d9       41%         4
 Iskenderun's Mystic Bla  Conj/Tloc      16%        2d5       52%         4


Dungeon Overview and Level Annotations

Branches:
Dungeon (8/15)             Temple (0/1) D:6         Ossuary (visited)
   Lair: D:8-11

Shops:
D:1 ?

Annotations:
D:6 2 runed translucent doors, TotallyNotGC's ghost, novice GnBe


Innate Abilities, Weirdness & Mutations

Your attributes grow dramatically as you level up.
You have an increased reservoir of magic. (+10% MP)
You shall have no god before yourself.
Your flesh is cold resistant. (rC+)
You are covered in fur. (AC +1)
Your spells are a little harder to cast, but a little more powerful.


Message History

Aim: a boulder beetle (100% to hit)
The searing ray hits the boulder beetle but does no damage. (Press . to maintain the ray.)
The boulder beetle closely misses you.
Unknown command.
The searing ray hits the boulder beetle.
The boulder beetle is lightly wounded.
The boulder beetle completely misses you.
The searing ray hits the boulder beetle but does no damage.
The boulder beetle is lightly wounded.
The boulder beetle bites you!
The searing ray hits the boulder beetle but does no damage.
The boulder beetle is lightly wounded.
You finish channeling your searing ray.
The boulder beetle barely misses you.
Your +4 hand crossbow of venom stops dripping with poison.
p - a +3 whip (weapon)
Casting: Searing Ray (safe; 4% risk of failure)
Confirm with . or Enter, or press ? or * to list all spells.
Aiming: Searing Ray (safe; 4% risk of failure)
Press: ? - help, Shift-Dir - straight line, f/p - boulder beetle
Aim: a boulder beetle (lightly wounded, 100% to hit)
The searing ray hits the boulder beetle.
The boulder beetle is lightly wounded. (Press . to maintain the ray.)
The boulder beetle misses you.
The searing ray hits the boulder beetle.
The boulder beetle is lightly wounded.
The boulder beetle barely misses you.
The searing ray hits the boulder beetle but does no damage.
The boulder beetle is lightly wounded.
The boulder beetle bites you!
The searing ray hits the boulder beetle but does no damage.
The boulder beetle is lightly wounded.
You finish channeling your searing ray.
The boulder beetle closely misses you. The boulder beetle bites you!!
* * * LOW HITPOINT WARNING * * *
The boulder beetle leaps!
The boulder beetle curls into a ball and begins rolling!
The boulder beetle hits you!!
You die...

..####.##.#.......#.#.##########.
..# #.##.#..°##..#.#.# #.. ..#
#......?°##..#.#'## ###.# ..#
####.##.B##..#....# #....
#.##########.○##.......######.###
#.......# #.°##.................
##.###### #..°○.................
##'###### ##.##B...#########.###
........# #.##@.#.#.........# #
........# #.##..#.#.###########
........# #.##..#.#.########...
........# #.....)>.............
........# #.##..#.#............
........# #.##.##.##########...
........########.................
##'#######...######.##########.##
##...............................


You could see a boulder beetle (rolling).

Vanquished Creatures
  Pikel (D:7)
  A cyclops (D:8)
  Maggie (D:7)
  Eustachio (D:4)
  A steam dragon (D:7)
  An acid dragon (D:7)
  A water moccasin (D:7)
  An orc warrior (D:7)
  A sky beast (D:5)
  An ice beast (D:5)
  A centaur (D:2)
  An ogre (D:3)
  3 lemures (D:7)
  A kobold brigand (D:6)
  4 bullfrogs (D:7)
  2 scorpions (D:5)
  4 centaur zombies
  3 hounds
  5 bullfrog zombies (Ossuary)
  2 orc priests
  A centaur skeleton (D:7)
  10 orc wizards
  Natasha (thrice) (D:3)
  6 iguanas
  A killer bee zombie (Ossuary)
  A hound zombie (D:5)
  13 mummies (Ossuary)
  3 howler monkey zombies (Ossuary)
  5 adders
  2 shadow imps (D:7)
  4 white imps
  An adder skeleton (D:4)
  3 worms
  4 dart slugs
  24 orcs
  11 ball pythons
  6 endoplasms
  2 giant cockroaches
  9 goblins
  4 hobgoblins
  6 jackals
  4 quokkas
  3 bats
  2 frilled lizards
  11 kobolds
  2 rats
177 creatures vanquished.

Vanquished Creatures (others)
  10 withered plants (Ossuary)
10 creatures vanquished.

Grand Total: 187 creatures vanquished

Notes
Turn   | Place    | Note
-------+----------+-------------------------------------------
     0 | D:1      | DasRunzen the Demigod Wanderer began the quest for the Orb.
     0 | D:1      | DasRunzen set off with the following items: a +2 hand
                  | crossbow, 26 bolts, a +0 robe; and the following spell
                  | memorised: Sting; and the following spells available to
                  | memorise: Spider Form
     0 | D:1      | Reached XP level 1. HP: 17/17 MP: 4/4
   220 | D:1      | Reached skill level 2 in Fighting
   302 | D:1      | Reached XP level 2. HP: 24/24 MP: 6/6
   318 | D:1      | Found Qoqyrym's Magic Scroll Emporium.
   946 | D:2      | Noticed a centaur
   949 | D:2      | Killed a centaur
   950 | D:2      | Reached skill level 1 in Dodging
   950 | D:2      | Reached XP level 3. HP: 13/30 MP: 6/8
   950 | D:2      | Reached XP level 4. HP: 16/37 MP: 6/9
  1671 | D:2      | Learned a level 2 spell: Searing Ray
  2271 | D:3      | Noticed Natasha
  2275 | D:3      | Killed Natasha
  2276 | D:3      | Reached skill level 3 in Fighting
  2276 | D:3      | Reached XP level 5. HP: 45/45 MP: 9/11
  2296 | D:3      | Noticed Natasha
  2304 | D:3      | Killed Natasha
  2429 | D:3      | Noticed an ogre
  2434 | D:3      | Killed an ogre
  2435 | D:3      | Reached skill level 1 in Conjurations
  2634 | D:3      | Noticed Natasha
  2638 | D:3      | Killed Natasha
  2639 | D:3      | Reached XP level 6. HP: 51/51 MP: 8/12
  3114 | D:4      | Noticed Eustachio
  3119 | D:4      | Killed Eustachio
  3372 | D:4      | Reached XP level 7. HP: 58/58 MP: 14/14
  3453 | D:5      | Entered Level 5 of the Dungeon
  3580 | D:5      | Found a sand-covered staircase.
  3589 | Ossuary  | Entered an ossuary
  3609 | Ossuary  | Reached skill level 4 in Fighting
  4342 | Ossuary  | Reached XP level 8. HP: 62/67 MP: 7/16
  4430 | Ossuary  | Gained mutation: Your flesh is cold resistant. (rC+)
                  | [potion of mutation]
  4430 | Ossuary  | Gained mutation: Your spells are a little harder to cast,
                  | but a little more powerful. [potion of mutation]
  4430 | Ossuary  | Gained mutation: You are covered in fur. (AC +1) [potion of
                  | mutation]
  6045 | D:6      | Reached skill level 5 in Fighting
  6334 | D:6      | Found a runed translucent door.
  6335 | D:6      | Noticed TotallyNotGC's ghost (novice GnBe)
  6621 | D:6      | Found a staircase to the Ecumenical Temple.
  6865 | D:6      | Found a runed translucent door.
  7391 | D:7      | Noticed Pikel
  7406 | D:7      | Killed Pikel
  7407 | D:7      | Reached skill level 5 in Crossbows
  7526 | D:7      | Reached skill level 5 in Dodging
  7526 | D:7      | Reached XP level 9. HP: 74/74 MP: 13/19
  7947 | D:7      | Noticed Maggie
  7961 | D:7      | Killed Maggie
  7993 | D:7      | Reached skill level 5 in Spellcasting
  8383 | D:7      | Reached skill level 5 in Conjurations
  8806 | D:7      | Reached skill level 6 in Fighting
  9064 | D:8      | Noticed a cyclops
  9066 | D:8      | Noticed a boulder beetle
  9072 | D:8      | Killed a cyclops
  9127 | D:7      | Slain by a boulder beetle

Illustrated notes

Levels and vault maps discovered:
D:1:      lightli_arrival_farm, layout_loops_corners, serial_shops, shop
D:2:      layout_basic, kennysheep_generic_room_4
D:3:      minmay_inner_zag, layout_rooms, minmay_splitting_lines,
          minmay_crystal_room, uniq_natasha
D:4:      layout_rooms, minmay_diced_spiral, uniq_eustachio
D:5:      layout_gridville, enter_ossuary_1, minmay_misc_feat_rows
D:6:      layout_layer_cave, nicolae_qazlal_scattered_showers,
          nicolae_overflow_hidden_temple, minmay_temple_entry_glassed_door,
          ebering_ghost_sewer_f
D:7:      layout_basic, chequers_hall_statues_wall_a,
          chequers_serial_rivers_room_b, uniq_pikel, uniq_maggie
D:8:      layout_rooms, tgw_trog, minitemple

Skill      XL: |  1  2  3  4  5  6  7  8  9 |
---------------+----------------------------+-----
Fighting       | 2 3 4 5 6 |  6.2
Crossbows      | 2 3 4 5 |  5.9
Dodging        | 1 2 3 5 |  5.8
Spellcasting   | 2 3 4 5 |  5.4
Conjurations   | 1 2 3 4 5 |  5.4
Throwing       | |  1.0
Stealth        | |  1.0
Hexes          | |  1.7
Poison Magic   | |  1.7

Action                   |  1- 3 |  4- 6 |  7- 9 || total
-------------------------+-------+-------+-------++-------
Melee: Hand crossbow     |       |    11 |     2 ||    13
 Fire: Hand crossbow     |    34 |   114 |    39 ||   187
 Cast: Searing Ray       |       |    10 |   102 ||   112
  Use: Scroll            |     2 |     7 |    17 ||    26
       Potion            |       |       |     1 ||     1
Armor: Robe              |     1 |    14 |    26 ||    41
Dodge: Dodged            |     5 |    32 |   120 ||   157

Table legend: (Time is in decaauts)
 A = Elapsed time spent in this place.
 B = Non-inter-level travel time spent in this place.
 C = Inter-level travel time spent in this place.
 D = Time resting spent in this place.
 E = Time spent auto-exploring this place.
 F = Levels seen in this place.
 G = Mean time per level.
                   A        B        C        D        E       F      G
               +--------+--------+--------+--------+--------+-----+--------+
         Total |   9261 |   9055 |    206 |   1407 |   6043 |   9 | 1029.0 |
       Dungeon |   8109 |   7903 |    206 |    713 |   5903 |   8 | 1013.6 |
       Ossuary |   1151 |   1151 |      0 |    694 |    139 |   1 | 1151.0 |
               +--------+--------+--------+--------+--------+-----+--------+

Top non-repeatable levels by time:
     D:7: 1714 daAuts
     D:5: 1465 daAuts
     D:6: 1356 daAuts
 Ossuary: 1151 daAuts
     D:2: 1003 daAuts
     D:1: 985 daAuts
     D:3: 836 daAuts
     D:4: 715 daAuts
     D:8: 33 daAuts
